 Dungeon Crawl Stone Soup version 0.19-a0-700-gd2fa977 (webtiles) character file.

3153799 Enish the Severer (level 25, 127/127 HPs)
             Began as a Vine Stalker Berserker on June 7, 2016.
             Was an Elder of Trog.
             Escaped with the Orb
             ... and 3 runes on June 19, 2016!
             The game lasted 03:53:49 (23801 turns).

Enish the Severer (Vine Stalker Berserker)         Turns: 23801, Time: 03:53:50

Health: 127/127    AC: 49    Str: 45 (46) XL:     25   Next: 62%
Magic:  35/35      EV: 19    Int: 12      God:    Trog [****..]
Gold:   1182       SH: 21    Dex: 19      Spells: 0 memorised, 24 levels left

rFire  + + .     SeeInvis +     R - +6 broad axe "Newtbane" {flame, rElec rPois Str+2 Stlth-}
rCold  + + .     Gourm    +     b - +9 plate armour of Kohemut {rPois rF+ Str-4 Int+5}
rNeg   + + +     Faith    .     w - +3 shield "Badiul" {-Cast *Drain rC+++}
rPois  +         Spirit   +     p - +2 hat of Prudence {Str+3 Dex+6}
rElec  +         Dismiss  .     D - +2 cloak
rCorr  +         Reflect  .     K - +1 pair of gloves of Nihilism {rCorr Str+8 Slay-3 SInv}
SustAt .         Harm     .     Q - +2 pair of boots {Fly}
MR     ++++.     NoCast   +     V - amulet "Fyistoh" {Gourm Str+6 Dex-2}
Stlth  ..........               M - ring of Robustness {AC+8}
                                U - ring "Cuckez" {rF+ rC- rN+++ MR+ Stlth+}

@: flying, incredibly resistant to hostile enchantments, extremely unstealthy
A: claws 1, fangs 3, slimy green scales 1, deterioration 2, frail 1, sense
surroundings 1, regeneration 3, wild magic 1, magic shield, antimagic bite, no
device heal 3, rot immunity, MP-powered wands
a: Berserk, Trog's Hand, Brothers in Arms, Burn Spellbooks, Renounce Religion,
Stop Flying
0: Orb of Zot
}: 3/15 runes: serpentine, barnacled, silver


You escaped.
You worshipped Trog.
Trog was greatly pleased with you.
You were not hungry.

You visited 9 branches of the dungeon, and saw 49 of its levels.
You also visited: Labyrinth, Ossuary and Wizlab.

You collected 3788 gold pieces.
You spent 2606 gold pieces at shops.

Inventory:

Hand Weapons
 R - the +6 broad axe "Newtbane" (weapon) {flame, rElec rPois Str+2 Stlth-}
   (You bought it in a shop on level 8 of the Dungeon)

   It has been specially enchanted to burn those struck by it, causing extra
   injury to most foes and up to half again as much damage against particularly
   susceptible opponents.
   Big, fiery blades are also staple armaments of hydra-hunters.
   It affects your strength (+2).
   It insulates you from electricity.
   It protects you from poison.
   It makes you less stealthy.
Missiles
 a - 35 silver javelins
 g - 4 throwing nets (quivered)
Armour
 b - the +9 plate armour of Kohemut (worn) {rPois rF+ Str-4 Int+5}
   (You bought it in a shop on level 2 of the Orcish Mines)

   It affects your strength (-4).
   It affects your intelligence (+5).
   It protects you from fire.
   It protects you from poison.
 p - the +2 hat of Prudence (worn) {Str+3 Dex+6}
   (You acquired it on level 1 of the Realm of Zot)

   It affects your strength (+3).
   It affects your dexterity (+6).
 w - the +3 shield "Badiul" (worn) {-Cast *Drain rC+++}
   (You found it on level 3 of the Snake Pit)

   It renders you almost immune to cold.
   It prevents spellcasting.
   It causes draining when unequipped.
 x - the +4 moon troll leather armour {Spirit, Regen++ MP+5}
   (You took it off a moon troll in a wizard's laboratory)

   It affects your magic capacity (+5).
   It increases your rate of regeneration.
 D - a +2 cloak (worn)
 K - the +1 pair of gloves of Nihilism (worn) {rCorr Str+8 Slay-3 SInv}
   (You acquired it in a labyrinth)

   It affects your strength (+8).
   It affects your accuracy and damage with ranged weapons and melee attacks
   (-3).
   It lets you see invisible.
   It protects you from acid and corrosion.
 Q - a +2 pair of boots of flying (worn)
Rods
 W - a +3 iron rod (11/11)
   (You found it in a labyrinth)
Jewellery
 m - the ring "Lyl Byemn" {+Blink rF+ Str+4}
   (You found it on level 8 of the Lair of Beasts)

   [ring of protection from fire]

   It affects your strength (+4).
   It protects you from fire.
   It lets you blink.
 M - the ring of Robustness (right hand) {AC+8}
   (You found it on level 3 of the Realm of Zot)

   [ring of protection]

   It affects your AC (+8).
 U - the ring "Cuckez" (left hand) {rF+ rC- rN+++ MR+ Stlth+}
   (You found it on level 11 of the Dungeon)

   [ring of protection from magic]

   It protects you from fire.
   It makes you vulnerable to cold.
   It renders you almost immune to negative energy.
   It affects your resistance to hostile enchantments.
   It makes you more stealthy.
 V - the amulet "Fyistoh" (around neck) {Gourm Str+6 Dex-2}
   (You found it in a labyrinth)

   [amulet of the gourmand]

   It allows you to eat raw meat even when not hungry.
   It affects your strength (+6).
   It affects your dexterity (-2).
 X - an uncursed ring of magical power
Wands
 E - a wand of lightning (15/15)
 H - a wand of teleportation (3/9)
 J - a wand of slowing (18/48)
 N - a wand of hasting (3/9)
 P - a wand of disintegration (10/24)
 Y - a wand of digging (5/24)
Scrolls
 h - 9 scrolls of remove curse
 j - 2 scrolls of blinking
 v - 2 scrolls of summoning
 y - a scroll of silence
 z - 3 scrolls of fear
 A - 3 scrolls of fog
 T - a scroll of enchant armour
Potions
 d - 5 potions of magic
 i - 2 potions of agility
 k - 7 potions of brilliance
 l - 3 potions of mutation {unknown}
 q - 7 potions of might
 r - 16 potions of curing
 s - 3 potions of lignification {unknown}
 u - a potion of haste
 B - 2 potions of berserk rage
 C - 2 potions of cure mutation {unknown}
 I - 4 potions of resistance
 S - 3 potions of invisibility {unknown}
Miscellaneous
 e - a lamp of fire
 n - 2 sacks of spiders
 o - 2 boxes of beasts
 t - a fan of gales
 O - a phantom mirror
Comestibles
 c - 17 bread rations
 f - 9 meat rations


   Skills:
 * Level 17.9 Fighting
 - Level 18.1 Axes
 - Level 1.0 Throwing
 - Level 17.0 Armour
 - Level 12.6 Dodging
 - Level 17.1 Shields
 - Level 15.0 Evocations


You had 24 spell levels left.
You didn't know any spells.

Dungeon Overview and Level Annotations

Branches:
Dungeon (15/15)            Temple (1/1) D:7            Lair (8/8) D:10
 Shoals (4/4) Lair:3        Snake (4/4) Lair:6        Slime (0/6) Lair:6
    Orc (2/2) D:10            Elf (0/3) Orc:2        Vaults (5/5) D:14
 Depths (5/5) D:15            Zot (5/5) Depths:5
  Crypt: Vaults:2-3

Altars:
Cheibriados
Dithmenos
Fedhas
Gozag
Hepliaklqana
Kikubaaqudgha
Nemelex Xobeh
Okawaru
Qazlal
Ru
Sif Muna
Trog
Uskayaw
Vehumet
Xom
Yredelemnul
Zin
The Shining One
Beogh
Jiyva

Shops:
D:5 *   D:8 (*:*   D:14 [   Orc:2 ?[}!   Vaults:2 }

Portals:
Hell: Depths:1 Depths:2 Depths:3 Depths:5
Pandemonium: Depths:3

Annotations:
D:9 2 exclusions
D:10 exclusion: downstairs
Vaults:3 4 exclusions
Zot:1 exclusion: downstairs


Innate Abilities, Weirdness & Mutations

You have razor-sharp teeth.
You regenerate.
When hurt, damage is shared between your health and your magic reserves.
Your bite disrupts and absorbs the magic of your enemies.
Potions and wands cannot restore your health.
You are immune to rotting.
You have sharp fingernails.
You are partially covered in slimy green scales. (AC +2)
Your body often deteriorates upon taking damage.
You are frail. (-10% HP)
You passively map a small area around you.
Your spells are a little harder to cast, but a little more powerful.
You expend magic power (3 MP) to strengthen your wands.


Message History

You slice the worker ant!! You burn the worker ant.
You kill the worker ant!
Trog accepts your kill.
You see here a worker ant corpse.
You reach down and open the door.
Found a stone staircase leading up.
There is an open door here.
There is a stone staircase leading up here.
You fly upwards.
There is a stone staircase leading down here.
There is a stone staircase leading up here.
You fly upwards.
There is a stone staircase leading down here.
You see here 18 stones.
You reach down and open the large door.
There is a large open door here.
There is a large open door here.
There is a fountain of clear blue water here.
There is a staircase leading out of the dungeon here.
You have escaped!

############.######
#.................#########
#.###.....8(..............#
#.# #..##...##.##.#######.#
#.# ##..##.##..##.# #.#
##.#####..#'#......# #.#
#.........#'#...#### #.#
#..#.##..##⌠##..# #.#
#........+⌠@⌠+..# #.#
#..#.#...##⌠##..# #.#
#.........#'# ## ####.#
#....#.#..#'# ..## ##.##.#
##..>#...##.## ...####..[#.#
#.......##...##...+.........
##.........8......####..†..#
##.##.#.#.......## #..####
... ..#........## #.##


There were no monsters in sight!

Vanquished Creatures
  4 ancient liches (Zot:5)
  2 orbs of fire (Zot:5)
  Sojobo (Depths:3)
  Vashnia (Snake:2)
  6 Killer Klowns
  2 curse toes (Zot:5)
  6 golden dragons
  3 electric golems
  11 tentacled monstrosities
  A moon troll (WizLab)
  Asterion (Depths:2)
  2 titans
  24 Orb Guardians
  2 quicksilver dragons (Vaults:5)
  4 sphinxes
  7 tentacled starspawn (WizLab)
  7 death cobs
  A sphinx (shapeshifter) (Depths:3)
  Agnes (Snake:2)
  7 tengu reavers
  6 storm dragons
  2 shadow dragons
  3 draconian monks
  Wiglaf (Snake:4)
  An iron dragon (Vaults:5)
  8 fire giants
  6 greater nagas
  Donald (Snake:1)
  Aizul (Snake:1)
  5 draconian knights
  A cacodemon (WizLab)
  3 draconian shifters (Zot:2)
  5 draconian scorchers
  5 frost giants
  3 vault wardens (Vaults:5)
  A draconian zealot (Zot:2)
  7 draconian annihilators
  14 very ugly things
  3 war gargoyles
  7 ironheart preservers
  14 stone giants
  6 green draconians
  A deep elf annihilator (Vaults:5)
  2 vampire knights
  7 purple draconians
  Azrael (Snake:3)
  6 black draconians
  2 dire elephants
  10 mottled draconians
  13 red draconians
  6 yellow draconians
  9 white draconians
  4 merfolk javelineers (Shoals:4)
  Snorg (Orc:1)
  A deep elf death mage (Vaults:5)
  A blizzard demon (Depths:3)
  11 crystal guardians
  5 ettins
  10 fire dragons
  8 yaktaur captains
  A great orb of eyes (shapeshifter) (Vaults:5)
  3 jiangshi (Depths:3)
  6 ice dragons
  9 great orbs of eyes
  A deep elf high priest (Vaults:5)
  7 hydras
  27 vault guards
  10 naga warriors
  An entropy weaver (Depths:1)
  A rakshasa (Depths:4)
  Erolcha (Orc:2)
  A spriggan air mage (Depths:3)
  3 merfolk avatars
  3 centaur warriors
  7 anacondas
  7 ogre magi
  17 dancing weapons
  6 merfolk aquamancers
  2 queen ants (shapeshifter) (Depths:3)
  An alligator snapping turtle (Shoals:4)
  2 satyrs
  8 deep troll shamans
  2 death yaks (Lair:8)
  2 tengu warriors
  4 deep troll earth magi
  19 naga sharpshooters
  A vampire mage (Depths:2)
  4 shock serpents
  2 deep elf knights (Vaults:4)
  3 spriggan berserkers
  3 wretched stars (WizLab)
  5 salamander mystics
  A shadow wraith (Vaults:5)
  5 iron trolls
  A shadow demon (Zot:5)
  A flayed ghost (Depths:4)
  An orange crystal statue (WizLab)
  20 deep trolls
  9 starcursed masses (WizLab)
  16 giant orange brains
  4 unseen horrors
  4 deep elf archers
  A swamp dragon (shapeshifter) (Depths:3)
  4 obsidian statues
  A tengu zombie (Depths:2)
  A sea snake (Shoals:4)
  4 naga ritualists
  2 ironbrand convokers
  3 hill giants
  A lindwurm (Lair:8)
  2 phantasmal warriors (Depths:1)
  7 orc knights
  A shadow dragon skeleton (Depths:2)
  5 griffons
  4 necromancers
  3 wolf spiders
  An iron dragon zombie (Depths:1)
  2 wizards (D:14)
  A sphinx skeleton (Depths:2)
  The ghost of removeelyvilon the Chopper, a novice DsAr of Nemelex Xobeh (D:6)
  The ghost of jehirs the Summoner, a novice DESu of Sif Muna (D:8)
  32 ugly things
  6 mana vipers
  5 fauns (Shoals:1)
  9 orc sorcerers
  6 deep elf magi
  3 cyclopes
  A cyclops (shapeshifter) (Depths:3)
  3 manticores
  21 salamanders
  A salamander (shapeshifter) (Depths:3)
  2 oklob plants
  23 moths of wrath
  An elephant (shapeshifter) (Depths:3)
  A stone giant skeleton (Depths:1)
  A rust devil (Depths:3)
  2 elephants (Lair:8)
  5 vault sentinels
  4 water nymphs
  An orange demon (D:15)
  3 guardian serpents
  24 black mambas
  6 sirens
  An eye of devastation (shapeshifter) (Vaults:4)
  4 spiny frogs
  20 naga magi
  5 molten gargoyles (Depths:3)
  5 eyes of devastation (WizLab)
  5 rime drakes
  35 yaktaurs
  3 freezing wraiths
  A kobold demonologist (D:14)
  3 komodo dragons
  A minotaur zombie (Lab)
  A tengu conjurer (Depths:4)
  10 merfolk
  2 jumping spiders
  Prince Ribbit (D:5)
  4 trolls
  A polar bear (Lair:8)
  5 wind drakes
  13 two-headed ogres
  13 slime creatures
  A boulder beetle (Lair:7)
  A snapping turtle (Shoals:4)
  12 blink frogs
  A deep troll skeleton (Depths:1)
  A shadow (D:14)
  4 air elementals (Depths:3)
  A wraith (D:14)
  38 yaks
  A redback (shapeshifter) (Depths:3)
  6 redbacks
  3 wyverns
  An ice dragon skeleton (Depths:1)
  Sigmund (D:3)
  A tarantella (shapeshifter) (Depths:3)
  18 water elementals
  7 fire elementals
  17 humans (D:14)
  5 hippogriffs
  2 neqoxecs (WizLab)
  2 mottled dragons
  2 basilisks
  41 nagas
  A warg (Vaults:3)
  9 water moccasins
  3 insubstantial wisps (Depths:3)
  3 hell hounds (Snake:3)
  A porcupine (shapeshifter) (Vaults:5)
  2 hydra simulacra (Zot:2)
  4 porcupines
  A sky beast (shapeshifter) (Vaults:5)
  2 sky beasts
  2 black bears
  6 ice beasts
  23 orc warriors
  An eye of draining (D:14)
  3 phantoms
  39 ogres
  6 wolves (Lair:8)
  A tengu (shapeshifter) (Depths:3)
  6 centaurs
  7 crocodiles
  3 big kobolds
  7 giant frogs
  3 gnoll sergeants
  An elf zombie (Ossuary)
  13 earth elementals
  A scorpion (shapeshifter) (Vaults:5)
  5 scorpions
  19 killer bees
  5 wights (D:11)
  An electric eel (Lair:5)
  2 howler monkeys
  2 crimson imps
  2 giant frog zombies (D:11)
  A centaur zombie (Ossuary)
  A jelly (D:5)
  An iron imp (Depths:1)
  4 hounds
  15 orc priests
  32 orc wizards
  3 centaur skeletons
  2 giant frog skeletons
  Ijyb (D:3)
  4 iguanas
  9 worker ants
  15 sheep
  2 big kobold zombies (Ossuary)
  2 hound zombies (Ossuary)
  3 mummies (Ossuary)
  A worker ant zombie (D:11)
  6 adders
  12 gnolls
  37 river rats
  A shadow imp (D:11)
  6 adder zombies
  An adder skeleton (D:8)
  A worm (D:3)
  3 giant geckos
  61 orcs
  3 bats
  4 giant cockroaches
  2 goblins (D:1)
  2 hobgoblins
  6 jackals
  3 quokkas
  A giant gecko skeleton (D:4)
  A giant newt (D:2)
  3 gnoll zombies (Ossuary)
  5 goblin zombies (Ossuary)
  3 hobgoblin zombies (Ossuary)
  2 jackal zombies (Ossuary)
  15 kobolds
  6 kobold zombies (Ossuary)
  2 orc zombies (Ossuary)
  3 quokka zombies (Ossuary)
  6 rats
  A rat zombie (Ossuary)
  5 crawling corpses (Vaults:5)
  2 fungi
  10 plants
  9 starspawn tentacles (WizLab)
1531 creatures vanquished.

Vanquished Creatures (collateral kills)
  2 ancient liches (Vaults:5)
  An orb of fire (Zot:5)
  Jorgrun (Vaults:5)
  Rupert (Lair:3)
  A quicksilver dragon (Vaults:5)
  A death cob (Zot:1)
  2 shadow dragons (Vaults:5)
  2 sphinxes (Vaults:5)
  A storm dragon (Vaults:5)
  A greater naga (Snake:4)
  A deep elf sorcerer (Vaults:5)
  3 vault wardens (Vaults:5)
  Louise (Snake:4)
  2 ironheart preservers (Vaults:5)
  2 stone giants (Vaults:5)
  A deep elf demonologist (Vaults:5)
  A black draconian (Zot:5)
  2 merfolk javelineers (Shoals:4)
  A great orb of eyes (Vaults:3)
  A minotaur (Lab)
  A yaktaur captain (Vaults:5)
  3 naga warriors (Snake:4)
  An anaconda (Snake:4)
  A merfolk aquamancer (Shoals:4)
  A catoblepas (Lair:8)
  An ogre mage (Depths:2)
  4 death yaks (Lair:8)
  2 deep troll shamans (Vaults:3)
  4 naga sharpshooters
  A hell knight (Vaults:5)
  A deep troll (Vaults:3)
  A deep elf mage (Vaults:5)
  An elephant (Lair:8)
  5 naga magi (Snake:4)
  3 yaktaurs (Vaults:5)
  2 two-headed ogres (Depths:2)
  A redback (Vaults:5)
  A neqoxec (Zot:5)
  A hippogriff (shapeshifter) (Vaults:5)
  A water moccasin (Lair:3)
  2 nagas (Snake:4)
  4 ogres (Depths:2)
  A giant frog (Lair:3)
  A fungus (Lair:8)
72 creatures vanquished.

Vanquished Creatures (others)
  A Killer Klown (Zot:3)
  A ghost moth (Zot:5)
  A draconian caller (Zot:1)
  An insubstantial wisp (Depths:3)
  An ogre (Depths:2)
  An orc wizard (Orc:2)
  7 ball lightnings (Depths:3)
  A quokka (shapeshifter) (Depths:3)
  8 fungi
  A plant (Depths:4)
  14 starspawn tentacles (WizLab)
  161 starspawn tentacle segments (WizLab)
198 creatures vanquished.

Grand Total: 1801 creatures vanquished

Notes
Turn   | Place    | Note
--------------------------------------------------------------
     0 | D:1      | Enish the Vine Stalker Berserker began the quest for the Orb.
     0 | D:1      | Reached XP level 1. HP: 11/11 MP: 2/2
   106 | D:2      | Found an iron altar of Okawaru.
   160 | D:2      | Reached skill level 3 in Axes
   180 | D:2      | Reached XP level 2. HP: 16/16 MP: 3/3
   258 | D:1      | Reached XP level 3. HP: 15/19 MP: 1/4
   386 | D:3      | Found a hide-covered altar of Uskayaw.
   389 | D:3      | Noticed Ijyb
   409 | D:3      | Killed Ijyb
   492 | D:3      | Reached ** piety under Trog
   505 | D:4      | Noticed a scorpion
   509 | D:4      | Reached skill level 4 in Axes
   509 | D:4      | Reached XP level 4. HP: 23/23 MP: 5/5
   510 | D:4      | Reached XP level 5. HP: 27/27 MP: 6/6
   614 | D:4      | Found a blossoming altar of Fedhas.
   631 | D:4      | Found a sand-covered staircase.
   637 | Ossuary  | Entered an ossuary
   740 | Ossuary  | Reached skill level 5 in Axes
   761 | Ossuary  | Reached skill level 1 in Shields
   810 | Ossuary  | Gained mutation: You heal very quickly. [Vine Stalker growth]
   810 | Ossuary  | Reached XP level 6. HP: 32/32 MP: 7/7
  1015 | D:3      | Noticed Sigmund
  1025 | D:3      | Killed Sigmund
  1025 | D:3      | Reached skill level 6 in Axes
  1025 | D:3      | Reached XP level 7. HP: 35/35 MP: 8/8
  1062 | D:4      | Found a bloodstained altar of Trog.
  1098 | D:5      | Entered Level 5 of the Dungeon
  1295 | D:5      | Reached skill level 7 in Axes
  1394 | D:4      | Gained mutation: You have razor-sharp teeth. [Vine Stalker growth]
  1394 | D:4      | Reached XP level 8. HP: 30/39 MP: 6/9
  1566 | D:4      | Reached skill level 1 in Throwing
  1573 | D:4      | Found a glowing golden altar of the Shining One.
  1578 | D:4      | Found a basalt altar of Yredelemnul.
  1629 | D:5      | Found a sacrificial altar of Ru.
  1674 | D:5      | Noticed Prince Ribbit
  1683 | D:5      | Killed Prince Ribbit
  1683 | D:5      | Reached *** piety under Trog
  1683 | D:5      | Reached skill level 8 in Axes
  1884 | D:5      | Found Suachyol's Elemental Accessories.
  1892 | D:5      | Bought a wand of lightning (9/15) for 169 gold pieces
  1981 | D:6      | Noticed removeelyvilon's ghost (novice DsAr)
  1991 | D:6      | Killed removeelyvilon's ghost
  1991 | D:6      | Reached skill level 9 in Axes
  1991 | D:6      | Reached skill level 5 in Shields
  1991 | D:6      | Reached XP level 9. HP: 43/43 MP: 9/11
  2255 | D:8      | Noticed jehirs's ghost (novice DESu)
  2369 | D:7      | Found a staircase to the Ecumenical Temple.
  2378 | Temple   | Entered the Ecumenical Temple
  2414 | D:7      | Gained mutation: Your spells are a little harder to cast, but a little more powerful. [mutagenic meat]
  2415 | D:7      | Gained mutation: You are partially covered in slimy green scales. (AC +2) [mutagenic meat]
  2423 | D:7      | Gained mutation: You have sharp fingernails. [mutagenic meat]
  2495 | D:7      | Found a shadowy altar of Dithmenos.
  2717 | D:8      | Found Ycycux's Assorted Antiques.
  2726 | D:8      | Bought a smoky amethyst potion for 18 gold pieces
  2726 | D:8      | Bought a scroll of identify for 42 gold pieces
  2763 | D:8      | Killed jehirs's ghost
  2763 | D:8      | Reached skill level 10 in Axes
  2783 | D:8      | Upgraded the game from 0.19-a0-519-gb6a5606 to 0.19-a0-536-g4d3b45e
  2796 | D:8      | Found an opulent altar of Gozag.
  2919 | D:8      | Found Daav's Book Shop.
  2921 | D:8      | Found Ytoubif's Assorted Antiques.
  2936 | D:8      | Found Ogil's Antique Weapon Emporium.
  2951 | D:8      | Got a bloodstained buckler
  2962 | D:8      | Identified the +1 buckler of the Frog {+Fly Int+2 Dex-2} (You found it on level 8 of the Dungeon)
  3033 | D:8      | Reached XP level 10. HP: 45/47 MP: 12/12
  3121 | D:9      | Found a snail-covered altar of Cheibriados.
  3126 | D:9      | Reached **** piety under Trog
  3130 | D:9      | Found an ancient bone altar of Kikubaaqudgha.
  3173 | D:9      | Found a glowing silver altar of Zin.
  3238 | D:9      | Reached skill level 11 in Axes
  3366 | D:10     | Entered Level 10 of the Dungeon
  3514 | D:11     | Noticed a cyclops
  3749 | D:11     | Got a vibrating lapis lazuli ring
  3750 | D:11     | Identified the ring "Cuckez" {rF+ rC- rN+++ MR+ Stlth+} (You found it on level 11 of the Dungeon)
  3836 | D:11     | Reached skill level 12 in Axes
  3849 | D:11     | Reached ***** piety under Trog
  3911 | D:10     | Found a staircase to the Orcish Mines.
  3930 | Orc:1    | Entered Level 1 of the Orcish Mines
  3930 | Orc:1    | Noticed Snorg
  3952 | Orc:1    | Reached XP level 11. HP: 51/51 MP: 11/13
  4008 | Orc:1    | Killed Snorg
  4332 | Orc:1    | Found a roughly hewn altar of Beogh.
  4434 | D:8      | Bought an iridescent broad axe for 234 gold pieces
  4434 | D:8      | Identified the +6 broad axe "Newtbane" {flame, rElec rPois Str+2 Stlth-} (You bought it in a shop on level 8 of the Dungeon)
  4450 | D:8      | Bought a tubular wooden ring for 185 gold pieces
  4519 | D:10     | Noticed an oklob plant
  4766 | D:9      | Got a scintillating lead amulet
  4786 | D:9      | Identified the amulet of Equilibrium {+Rage rElec Str+2} (You found it on level 9 of the Dungeon)
  5037 | D:11     | Reached skill level 13 in Axes
  5412 | D:10     | Found a staircase to the Lair.
  5431 | D:10     | Killed an oklob plant
  5458 | Lair:1   | Entered Level 1 of the Lair of Beasts
  5543 | Lair:2   | Found a labyrinth entrance.
  5547 | Lair:2   | Got a smoking robe
  5557 | Lab      | Entered a labyrinth
  5562 | Lab      | Identified a scroll of acquirement
  5565 | Lab      | Got a pair of fine gloves
  5576 | Lab      | Identified the +1 pair of gloves of Nihilism {rCorr Str+8 Slay-3 SInv} (You acquired it in a labyrinth)
  5639 | Lab      | Noticed an unseen horror
  5642 | Lab      | Killed an unseen horror
  5648 | Lab      | Noticed an unseen horror
  5657 | Lab      | Killed an unseen horror
  5796 | Lab      | Noticed a minotaur
  5805 | Lab      | Killed a minotaur
  5805 | Lab      | Gained mutation: You regenerate. [Vine Stalker growth]
  5805 | Lab      | Reached XP level 12. HP: 56/56 MP: 14/14
  5810 | Lab      | Got a scorched sapphire amulet
  5817 | Lab      | Identified the amulet "Fyistoh" {Gourm Str+6 Dex-2} (You found it in a labyrinth)
  5822 | Lab      | Reached skill level 14 in Axes
  5867 | Lair:3   | You are sucked into a shaft for 2 floors!
  5954 | Lair:5   | Noticed a four-headed hydra
  5960 | Lair:5   | Killed a one-headed hydra
  5965 | Lair:5   | Received a gift from Trog
  6263 | Lair:5   | Upgraded the game from 0.19-a0-536-g4d3b45e to 0.19-a0-578-g4cfc824
  6359 | Lair:6   | Identified the cursed +1 robe "Gyteyj" {rPois MR++ SInv Stlth-} (You found it on level 2 of the Lair of Beasts)
  6443 | Lair:6   | Found a viscous altar of Jiyva.
  6444 | Lair:6   | Found a staircase to the Slime Pits.
  6492 | Lair:6   | Found a staircase to the Snake Pit.
  6493 | Lair:6   | Noticed a six-headed hydra
  6505 | Lair:6   | Killed a one-headed hydra
  6581 | Lair:6   | Reached skill level 10 in Shields
  6682 | Snake:1  | Entered Level 1 of the Snake Pit
  6684 | Snake:1  | Noticed a shock serpent
  6696 | Snake:1  | Killed a shock serpent
  6725 | Snake:1  | Noticed a shock serpent
  6729 | Snake:1  | Killed a shock serpent
  6729 | Snake:1  | Reached skill level 15 in Axes
  6792 | Snake:1  | Noticed Aizul
  6803 | Snake:1  | Killed Aizul
  6877 | Snake:1  | Noticed a naga sharpshooter
  6894 | Snake:1  | Killed a naga sharpshooter
  6899 | Snake:1  | Reached XP level 13. HP: 34/59 MP: 17/17
  6993 | Snake:1  | Noticed Donald
  7003 | Snake:1  | Killed Donald
  7003 | Snake:1  | Reached skill level 5 in Evocations
  7332 | Snake:2  | Found a frozen archway.
  7367 | Snake:2  | Reached skill level 16 in Axes
  7402 | Snake:2  | Noticed a greater naga
  7409 | Snake:2  | Killed a greater naga
  7466 | Snake:2  | Received a gift from Trog
  7637 | Snake:2  | Noticed Vashnia
  7665 | Snake:2  | Reached skill level 5 in Armour
  7695 | Snake:2  | Killed Vashnia
  7711 | Snake:2  | Reached XP level 14. HP: 44/63 MP: 12/20
  7974 | Snake:2  | Noticed Agnes
  7990 | Snake:2  | Killed Agnes
  8009 | Snake:2  | Gained mutation: Your mind is acute. (Int +2) [potion of beneficial mutation]
  8213 | Snake:3  | Got a jewelled shield
  8224 | Snake:3  | Identified the +3 shield "Badiul" {-Cast *Drain rC+++} (You found it on level 3 of the Snake Pit)
  8281 | Snake:3  | Noticed Azrael
  8301 | Snake:3  | Killed Azrael
  8393 | Snake:3  | Noticed Mara
  8487 | Snake:4  | Entered Level 4 of the Snake Pit
  8493 | Snake:4  | Got an encrusted chain mail
  8512 | Snake:4  | Identified the cursed +0 chain mail of Fortitude {rF+} (You found it on level 4 of the Snake Pit)
  8617 | Snake:4  | Received a gift from Trog
  8644 | Snake:4  | Reached skill level 10 in Armour
  8768 | Snake:4  | Noticed a greater naga
  8987 | Snake:4  | Noticed a greater naga
  9029 | Snake:4  | Killed a greater naga
  9094 | Snake:4  | Reached XP level 15. HP: 66/67 MP: 21/21
  9411 | Snake:4  | Killed a greater naga
  9574 | Snake:4  | Reached skill level 5 in Fighting
  9659 | Snake:4  | Noticed a greater naga
  9660 | Snake:4  | Noticed a greater naga
  9685 | Snake:4  | Killed a greater naga
  9842 | Snake:4  | Reached skill level 5 in Dodging
  9892 | Snake:4  | Noticed a greater naga
  9926 | Snake:4  | Killed a greater naga
  9977 | Snake:4  | Received a gift from Trog
 10032 | Snake:4  | Noticed Wiglaf
 10055 | Snake:4  | Killed Wiglaf
 10076 | Snake:4  | Noticed Louise
 10084 | Snake:4  | Killed Louise
 10086 | Snake:4  | Got a brightly glowing large shield
 10101 | Snake:4  | Killed a greater naga
 10101 | Snake:4  | Reached XP level 16. HP: 49/76 MP: 23/23
 10139 | Snake:4  | Identified the cursed +0 large shield "Jido" {rElec Dex+2 SInv Stlth+} (You took it off Louise on level 4 of the Snake Pit)
 10162 | Snake:4  | Noticed a greater naga
 10179 | Snake:4  | Killed a greater naga
 10198 | Snake:4  | Got a serpentine rune of Zot
 10786 | Lair:7   | Received a gift from Trog
 10902 | Lair:7   | Reached skill level 17 in Axes
 11076 | Lair:8   | Entered Level 8 of the Lair of Beasts
 11196 | Lair:8   | Got a flickering tin ring
 11198 | Lair:8   | Identified the ring "Lyl Byemn" {+Blink rF+ Str+4} (You found it on level 8 of the Lair of Beasts)
 11434 | Lair:8   | Got a polished cloak
 11451 | Lair:8   | Identified the -5 cloak of Oblivion {rF++ rN+ Int+2} (You found it on level 8 of the Lair of Beasts)
 11969 | Lair:4   | Received a gift from Trog
 11999 | Lair:4   | Got a distressingly furry leather armour
 12010 | Lair:4   | Identified the cursed +0 leather armour of Bixenot {rN+ Int+2 Slay-2} (You found it on level 4 of the Lair of Beasts)
 12056 | Lair:3   | Reached skill level 18 in Axes
 12063 | Lair:3   | Noticed Rupert
 12070 | Lair:3   | Killed Rupert
 12394 | Lair:3   | Found a staircase to the Shoals.
 12405 | Shoals:1 | Entered Level 1 of the Shoals
 12682 | Shoals:4 | Entered Level 4 of the Shoals
 12829 | Shoals:4 | Reached XP level 17. HP: 61/80 MP: 25/25
 12839 | Shoals:4 | Reached skill level 10 in Evocations
 12851 | Shoals:4 | Got a barnacled rune of Zot
 13458 | Orc:2    | Entered Level 2 of the Orcish Mines
 13489 | Orc:2    | Reached ****** piety under Trog
 13661 | Orc:2    | Found a staircase to the Elven Halls.
 13895 | Orc:2    | Found Robbuty's Distillery.
 13913 | Orc:2    | Bought a potion of resistance for 140 gold pieces
 13913 | Orc:2    | Bought a potion of might for 56 gold pieces
 13913 | Orc:2    | Bought a potion of haste for 140 gold pieces
 13913 | Orc:2    | Bought a potion of curing for 42 gold pieces
 13931 | Orc:2    | Found an ancient bone altar of Kikubaaqudgha.
 13968 | Orc:2    | Found Qemir's Gadget Emporium.
 13985 | Orc:2    | Found a radiant altar of Vehumet.
 13986 | Orc:2    | Noticed Erolcha
 14001 | Orc:2    | Killed Erolcha
 14010 | Orc:2    | Bought a wand of teleportation (6/9) for 420 gold pieces
 14031 | Orc:2    | Found a roughly hewn altar of Beogh.
 14031 | Orc:2    | Found Gis Orub's Magic Scroll Shoppe.
 14042 | Orc:2    | Received a gift from Trog
 14047 | Orc:2    | Found Kapryf Sagit's Antique Armour Emporium.
 14070 | Orc:2    | Bought a pitted plate armour for 560 gold pieces
 14074 | Orc:2    | Identified the +9 plate armour of Kohemut {rPois rF+ Str-4 Int+5} (You bought it in a shop on level 2 of the Orcish Mines)
 14100 | Orc:2    | Bought 3 scrolls of identify for 72 gold pieces
 14100 | Orc:2    | Bought a scroll of identify for 24 gold pieces
 14562 | D:14     | Found Cupt's Armour Boutique.
 14667 | D:14     | Received a gift from Trog
 14736 | D:14     | Found a gate to the Vaults.
 14762 | Vaults:1 | Entered Level 1 of the Vaults
 14951 | Vaults:2 | Found Weseitam's Gadget Boutique.
 14963 | Vaults:2 | Reached XP level 18. HP: 86/86 MP: 29/29
 15286 | Vaults:4 | Received a gift from Trog
 15327 | Vaults:5 | Entered Level 5 of the Vaults
 15420 | Vaults:4 | Reached skill level 10 in Fighting
 15561 | Vaults:5 | Noticed a quicksilver dragon
 15623 | Vaults:5 | Killed a quicksilver dragon
 15689 | Vaults:5 | Noticed a tentacled monstrosity
 15700 | Vaults:5 | Killed a tentacled monstrosity
 15734 | Vaults:5 | Noticed a quicksilver dragon
 15741 | Vaults:5 | Killed a quicksilver dragon
 15741 | Vaults:5 | Received a gift from Trog
 15742 | Vaults:5 | Noticed an ancient lich
 15753 | Vaults:5 | Noticed Jorgrun
 15754 | Vaults:5 | Noticed a titan
 15759 | Vaults:5 | Killed Jorgrun
 15759 | Vaults:5 | Reached XP level 19. HP: 97/98 MP: 30/30
 15769 | Vaults:5 | Killed an ancient lich
 15857 | Vaults:5 | Got a brightly glowing lead ring
 15859 | Vaults:5 | Identified the ring of Xahol {rCorr *Corrode rF+ rN+ Slay+6} (You found it on level 5 of the Vaults)
 16029 | Vaults:5 | Noticed a tentacled monstrosity
 16035 | Vaults:5 | Received a gift from Trog
 16055 | Vaults:5 | Killed a tentacled monstrosity
 16080 | Vaults:5 | Reached skill level 15 in Shields
 16151 | Vaults:5 | Got a silver rune of Zot
 16189 | Vaults:5 | Upgraded the game from 0.19-a0-578-g4cfc824 to 0.19-a0-593-gf2cdb02
 16207 | Vaults:5 | Noticed an ancient lich
 16220 | Vaults:5 | Killed an ancient lich
 16256 | Vaults:5 | Noticed a tentacled monstrosity
 16265 | Vaults:5 | Killed a tentacled monstrosity
 16353 | Vaults:5 | Reached XP level 20. HP: 77/102 MP: 31/31
 16501 | Vaults:5 | Noticed a golden dragon
 16513 | Vaults:5 | Killed a golden dragon
 16516 | Vaults:5 | Received a gift from Trog
 16528 | Vaults:5 | Got a slimy ruby amulet
 16530 | Vaults:5 | Identified the amulet of Jyacs {Spirit rF+} (You found it on level 5 of the Vaults)
 17107 | Vaults:2 | Bought a wand of hasting (3/9) for 504 gold pieces
 17168 | Vaults:1 | Got a dazzling plate armour
 17236 | D:14     | Identified the cursed +1 plate armour of Utail {rPois Str+3} (You found it on level 1 of the Vaults)
 17300 | D:15     | Entered Level 15 of the Dungeon
 17380 | D:15     | Found a staircase to the Depths.
 17394 | Depths:1 | Entered Level 1 of the Depths
 17537 | Depths:1 | Found a gateway to Hell.
 17671 | Depths:2 | Noticed Asterion
 18068 | Depths:1 | Upgraded the game from 0.19-a0-593-gf2cdb02 to 0.19-a0-606-gee5277e
 18154 | Depths:2 | Killed Asterion
 18269 | Depths:3 | Reached XP level 21. HP: 63/111 MP: 32/32
 18512 | Depths:3 | Received a gift from Trog
 18631 | Depths:3 | Noticed Sojobo
 18651 | Depths:3 | Killed Sojobo
 19086 | Depths:4 | Found a magical portal.
 19115 | WizLab   | Entered Lehudib's Moon Base
 19198 | WizLab   | Received a gift from Trog
 19487 | WizLab   | Gained mutation: You have supernaturally acute eyesight. (SInv) [potion of beneficial mutation]
 19544 | WizLab   | Gained mutation: You are frail. (-10% HP) [a neqoxec]
 19545 | WizLab   | Gained mutation: You passively map a small area around you. [a neqoxec]
 19570 | WizLab   | Paralysed by accursed screaming for 1 turns
 19576 | WizLab   | Reached XP level 22. HP: 85/103 MP: 33/33
 19789 | WizLab   | Got a crude silver ring
 19790 | WizLab   | Identified the ring "Qunt" {rCorr MR+ Str-5 Int+5} (You found it in a wizard's laboratory)
 19793 | WizLab   | Identified Sif Muna's Grimoire of Spatial Companions
 20018 | Depths:3 | Received a gift from Trog
 20154 | Depths:3 | Reached skill level 10 in Dodging
 20469 | Depths:3 | Found a one-way gate leading to the halls of Pandemonium.
 20568 | Depths:5 | Entered Level 5 of the Depths
 20652 | Depths:5 | Found a gate to the Realm of Zot.
 20652 | Depths:5 | Noticed a golden dragon
 20652 | Depths:5 | Noticed a golden dragon
 20654 | Depths:5 | Noticed a golden dragon
 20670 | Depths:5 | Killed a golden dragon
 20675 | Depths:5 | Killed a golden dragon
 20687 | Depths:5 | Killed a golden dragon
 20789 | Zot:1    | Entered Level 1 of the Realm of Zot
 20877 | Zot:1    | Reached XP level 23. HP: 59/107 MP: 34/34
 21237 | Zot:1    | Received a gift from Trog
 21304 | Zot:2    | Noticed an orb of fire
 21312 | Zot:2    | Reached skill level 15 in Evocations
 21316 | Zot:2    | Gained mutation: You expend magic power (3 MP) to strengthen your wands. [an orb of fire]
 21334 | Zot:2    | Lost mutation: Your mind is acute. (Int +2) [an orb of fire]
 21341 | Zot:2    | Lost mutation: You have supernaturally acute eyesight. (SInv) [an orb of fire]
 21348 | Zot:2    | Noticed a shard shrike
 21365 | Zot:1    | Upgraded the game from 0.19-a0-606-gee5277e to 0.19-a0-650-gab89c2a
 21365 | Zot:1    | Upgraded the game from 0.19-a0-650-gab89c2a to 0.19-a0-700-gd2fa977
 21380 | Zot:1    | Got a bloodstained hat
 21381 | Zot:1    | Identified the +2 hat of Prudence {Str+3 Dex+6} (You acquired it on level 1 of the Realm of Zot)
 21519 | Zot:2    | Reached skill level 15 in Armour
 21596 | Zot:2    | Noticed a golden dragon
 21601 | Zot:2    | Killed a golden dragon
 22061 | Zot:3    | Noticed a golden dragon
 22074 | Zot:3    | Killed a golden dragon
 22122 | Zot:3    | Noticed a Killer Klown
 22123 | Zot:3    | Noticed a Killer Klown
 22152 | Zot:3    | Killed a Killer Klown
 22152 | Zot:3    | Reached XP level 24. HP: 111/111 MP: 35/35
 22228 | Zot:3    | Killed a Killer Klown
 22310 | Zot:5    | Entered Level 5 of the Realm of Zot
 22385 | Zot:5    | Received a gift from Trog
 22406 | Zot:5    | Got a shimmering broad axe {god gift}
 22407 | Zot:5    | Identified the +2 broad axe "Neganiwn" {chop, *Rage +Fly rF- Str+8} (Trog gifted it to you on level 5 of the Realm of Zot)
 22445 | Zot:5    | Noticed an ancient lich
 22457 | Zot:5    | Killed an ancient lich
 22459 | Zot:5    | Noticed a curse toe
 22471 | Zot:5    | Noticed a Killer Klown
 22479 | Zot:5    | Noticed an orb of fire
 22480 | Zot:5    | Noticed a Killer Klown
 22482 | Zot:5    | Killed a curse toe
 22497 | Zot:5    | Killed an orb of fire
 22502 | Zot:5    | Noticed an ancient lich
 22518 | Zot:5    | Noticed a Killer Klown
 22520 | Zot:5    | Killed an ancient lich
 22562 | Zot:5    | Killed a Killer Klown
 22570 | Zot:5    | Killed a Killer Klown
 22578 | Zot:5    | Killed a Killer Klown
 22632 | Zot:5    | Noticed an orb of fire
 22643 | Zot:5    | Gained mutation: Your body sometimes deteriorates upon taking damage. [an orb of fire]
 22646 | Zot:5    | Gained mutation: Your body often deteriorates upon taking damage. [an orb of fire]
 22659 | Zot:5    | Killed an orb of fire
 22659 | Zot:5    | Reached skill level 15 in Fighting
 22727 | Zot:5    | Noticed an orb of fire
 22747 | Zot:5    | Killed an orb of fire
 22762 | Zot:5    | Noticed an ancient lich
 22769 | Zot:5    | Killed an ancient lich
 22769 | Zot:5    | Reached XP level 25. HP: 120/123 MP: 35/35
 22789 | Zot:5    | Noticed a Killer Klown
 22801 | Zot:5    | Noticed an ancient lich
 22821 | Zot:5    | Killed an ancient lich
 22822 | Zot:5    | Killed a Killer Klown
 23003 | Zot:5    | Got the Orb of Zot
 23012 | Zot:5    | Noticed a Killer Klown
 23064 | Zot:5    | Killed a Killer Klown
 23310 | Depths:5 | Noticed Batoeb the pandemonium lord
 23801 | D:$      | Escaped with the Orb!

Vault maps used:
D:1:      grunt_arrival_crossed_arrows
D:2:      nicolae_overflow_crystal_walls, elyvilon_altar_4,
          okawaru_ov_weapons_minmay
D:3:      grunt_temple_overflow_growth_and_decay, old_standard_altar, uniq_iyjb,
          uniq_sigmund, uniq_terence
D:4:      grunt_temple_overflow_holy_war, bloody_trog,
          nicolae_ossuary_entry_plus, fedhas_altar_2
D:5:      lemuel_coloured_pillars_altar, nicolae_ru_great_annihilating_truth,
          first_bread, minmay_misc_feat_ornament, nicolae_elemental_shop,
          uniq_prince_ribbit1, uniq_menkaure
D:6:      evilmike_ruin_ashenzari, minmay_item_behind_shaft,
          kennysheep_minor_cross
D:7:      makhleb_altar_promises_db, minmay_temple_entry_grid,
          grunt_dithmenos_smoke_and_mirrors
D:8:      nicolae_gozag_cash_rules_everything_around_me, serial_shops, shop,
          shop, kennysheep_mini_moat, shop
D:9:      nicolae_overflow_hidden_temple, old_standard_altar, basic_altar
D:10:     dpeg_oklobed_lair, orc_0_dummy, grunt_ogre_cave
D:11:     serial_glass, glass_columns_a, glass_columns_c, glass_columns_c,
          glass_columns_b, glass_columns_c, glass_columns_b, glass_columns_c,
          glass_columns_a, glass_columns_a, glass_columns_a, glass_columns_a,
          glass_columns_b, glass_columns_a, glass_columns_b
D:12:     grunt_ministairs_6, uniq_josephine, uniq_psyche
D:13:     wad_cavern_with_rooms, kennysheep_small_square, uniq_urug
D:14:     grunt_vaults_entry_tiered, serial_shops, shop, enter_trove_1,
          dk_noncrumbling_3
D:15:     hangedman_depths_entry_try_elsewhere_first, minmay_misc_feat_hallway
Temple:   nicolae_temple_great_sept
Lair:1:   roderic_batcave, minivault_24, lemuel_fruit_tree
Lair:2:   lab_entry_generic
Lair:3:   minmay_shoals_entry_beasts, grunt_megastairs_1, uniq_rupert
Lair:5:   nicolae_quartered_pool_medium, st_stairs_13
Lair:6:   minmay_snake_entry_guardpost_small, slime_altar_1, dpeg_oklob_1
Lair:8:   grunt_lair_end_beastmaster, bobbens_dragon_lair_wall
Shoals:2: serial_shops, shop
Shoals:3: yaktaur_hedge
Shoals:4: shoals_end_simple, shoals_ilsuiw_ice, uniq_roxanne
Snake:1:  grunt_megastairs_3, uniq_donald, uniq_aizul
Snake:2:  portal_ice_cave_entry_pillars_four, uniq_vashnia, uniq_agnes
Snake:3:  uniq_mara, uniq_azrael
Snake:4:  snake_pit, serial_bayou_shore_b, uniq_louise, uniq_wiglaf
Orc:1:    cheibrodos_orc_bank, basic_altar, mines1_david, uniq_harold,
          uniq_snorg
Orc:2:    kennysheep_orc_mage_school, abandoned_shop, sword_in_stone
Vaults:1: vaults_dpeg_cross, nicolae_vaults_angled_halls,
          nicolae_vaults_little_squares_4, ontoclasm_vaults_ring_square,
          vaults_mumra_chevron, vaults_room_fours, v_alt_pattern_2, v_rooms_5,
          vaults_mumra_chevron_long, vaults_dpeg_encased_lava, vaults_dpeg_ring,
          vaults_mumra_lcd, st_lattice, hangedman_vaults_impose
Vaults:2: nicolae_vaults_network_periphery, ontoclasm_vaults_ligature,
          nicolae_vaults_ring_of_whatevers, v_rooms_2, ontoclasm_vaults_spin,
          hangedman_vaults_slither, nicolae_vaults_network_quinsquares,
          nicolae_vaults_windows_and_doors_thing,
          nicolae_vaults_little_squares_1, v_misc_16, serial_shops,
          nicolae_shop_crystal, shop, nicolae_shop_stone,
          nicolae_shop_waterfront, uniq_boris
Vaults:3: ontoclasm_vaults_misaligned, grunt_vaults_focal,
          hangedman_vaults_river_flow, vaults_dpeg_hooks, v_misc_10, v_rooms_6,
          ontoclasm_vaults_eye, nicolae_vaults_little_ls
Vaults:4: hangedman_vaults_trim, v_misc_15, nicolae_vaults_alarming, v_misc_13,
          v_misc_26, ontoclasm_vaults_claustrophobia, v_misc_18,
          grunt_vaults_funnel, v_misc_12, st_greater_box_3,
          ontoclasm_vaults_gateway, uniq_margery
Vaults:5: uniq_jorgrun
Depths:1: grunt_hell_entry_dis_mu, serial_sigils_hangedman_stare,
          item_on_display_a, firewood_loft, serial_bayou_shore_b
Depths:2: kennysheep_ogre_elephant_herders, abyss_entry_crystal, hell_entry,
          hangedman_decor_riveting, uniq_asterion
Depths:3: radiant_caverns_b_rkd, hell_entry, pan_entry, uniq_sojobo
Depths:4: minmay_skeletal_surprise, enter_ziggurat_b, serial_bayou,
          serial_bayou_pond_a, serial_bayou_pond_d, serial_bayou_crossing,
          serial_bayou_pond_b, serial_bayou_shore_b, abyss_entry,
          mu_enter_wizlab_1, hell_entry, minmay_strange_pillars,
          wad_rectangle_vault, infiniplex_staircase_pool_lava
Depths:5: grunt_zot_entry_tricorne, hangedman_abyss_or_decor_lesser_grid,
          hell_entry, st_stairs_14, uniq_mennas
Zot:1:    grunt_deathspiral_small
Zot:2:    hangedman_elemental_grid_stream, basic_stair_grate_trap
Zot:3:    grunt_zot_stairs_faceoff, grunt_ministairs_11, basic_stair_grate_trap
Zot:4:    zot_minivault_2
Zot:5:    st_stairs_10
Lab:      labyrinth_hidden_loot, nicolae_lab_flowing_pool, nicolae_lab_dead_end,
          nicolae_lab_grate_2, nicolae_lab_arrow, lab_hedge,
          labyrinth_fake_exit, nicolae_lab_garden
Ossuary:  minmay_ossuary_two_tombs
WizLab:   wizlab_lehudib

Skill      XL: |  1  2  3  4  5  6  7  8  9 10 11 12 13 14 15 16 17 18 19 20 21 22 23 24 25 |
---------------+----------------------------------------------------------------------------+-----
Axes           | 3 4 5 6 7 9 10 12 13 15 16 18 | 18.1
Armour         | 2 6 11 12 14 16 17 | 17.0
Shields        | 1 2 3 5 6 7 9 10 12 15 17 | 17.1
Throwing       | 1 |  1.0
Evocations     | 2 4 7 8 9 13 15 | 15.0
Fighting       | 5 6 10 12 15 17 | 17.9
Dodging        | 6 8 12 | 12.6

Action                   |  1- 3 |  4- 6 |  7- 9 | 10-12 | 13-15 | 16-18 | 19-21 | 22-24 | 25-27 || total
-------------------------+-------+-------+-------+-------+-------+-------+-------+-------+-------++-------
Melee: Hand axe          |    74 |   168 |     9 |       |       |       |       |       |       ||   251
       Bite              |    20 |    66 |    87 |   195 |   260 |   512 |   510 |   611 |    86 ||  2347
       War axe           |       |       |   243 |   296 |       |       |       |       |       ||   539
       Broad axe         |       |       |       |   284 |   725 |  1203 |  1000 |  1287 |   182 ||  4681
Invok: Berserk           |     2 |     1 |     7 |     4 |     6 |     1 |     3 |     5 |       ||    29
       Burn Spellbooks   |       |     1 |       |     1 |     3 |     3 |     2 |     3 |       ||    13
       Brothers in Arms  |       |       |       |     4 |    11 |     9 |    12 |     8 |       ||    44
       Trog's Hand       |       |       |       |       |     7 |     8 |    19 |    20 |     6 ||    60
Evoke: Wand              |       |       |       |       |     1 |     2 |     8 |     1 |     7 ||    19
       Box of beasts     |       |       |       |       |       |       |       |       |     1 ||     1
  Use: Scroll            |     3 |     3 |     7 |     9 |    12 |    12 |     7 |     9 |     1 ||    63
       Potion            |       |     1 |       |       |     1 |       |     1 |     1 |     1 ||     5
 Stab: Sleeping          |     1 |       |       |       |       |       |       |       |       ||     1
       Paralysed         |       |       |     1 |       |       |       |       |       |       ||     1
       Distracted        |       |       |       |     1 |     1 |       |     4 |     1 |       ||     7
  Eat: Chunk             |       |     2 |    14 |    14 |     1 |    25 |    24 |    10 |     1 ||    91
       Pizza             |       |       |     3 |     1 |     1 |       |     1 |     3 |       ||     9
       Beef jerky        |       |       |       |     2 |     5 |     1 |       |       |       ||     8
       Fruit             |       |       |       |     1 |     7 |     3 |       |       |       ||    11
       Meat ration       |       |       |       |       |     2 |       |     1 |     2 |     1 ||     6
       Royal jelly       |       |       |       |       |       |       |       |     1 |       ||     1
Armor: Plate armour      |    39 |   101 |   160 |   254 |   296 |   520 |   517 |   343 |    61 ||  2291
       Troll leather arm |       |       |       |       |       |       |       |   113 |       ||   113
Dodge: Dodged            |    20 |    20 |    46 |   111 |   113 |   291 |   351 |   467 |    77 ||  1496
Block: Shield            |       |    57 |   122 |   314 |   567 |   884 |  1023 |   983 |   159 ||  4109
